 Dungeon Crawl Stone Soup version 0.28-a0-1629-gf728b707aa (webtiles) character file.

Game seed: 2059099415381175022

7 croobank the Sneak (level 1, -2/10 HPs)
             Began as a Felid Delver on Jan 24, 2022.
             Slain by a kobold (4 damage)
             ... on level 2 of the Dungeon.
             The game lasted 00:01:41 (340 turns).

croobank the Sneak (Felid Delver)                    Turns: 340, Time: 00:01:41

Health: -2/10      AC:  1    Str:  8    XL:     1   Next: 91%
Magic:  2/2        EV: 18    Int: 11    God:
Gold:   9          SH:  0    Dex: 17    Spells: 0/0 levels left
                                        Lives:  0   Deaths: 0

rFire   . . .      SeeInvis +     - Unarmed
rCold   . . .      Faith    .   (shield unavailable)
rNeg    . . .      Spirit   .   (armour unavailable)
rPois   .          Reflect  .   (helmet unavailable)
rElec   .          Harm     .   (cloak unavailable)
rCorr   .          Rampage  .   (gloves unavailable)
Will    .....                   (boots unavailable)
Stlth   ++++......              (no amulet)
HPRegen 0.03/turn               (no ring)
MPRegen 0.08/turn               (no ring)

@: hasted, very quick
A: very small, claws 1, fangs 3, see invisible, speed 1, shaggy fur 1, stealthy
paws, no weapons or thrown items, no armour, multi-lived
a: no special abilities


You were on level 2 of the Dungeon.
You visited 1 branch of the dungeon, and saw 5 of its levels.

You collected 9 gold pieces.

Inventory:

Wands
 e - a wand of digging (3)
Scrolls
 a - a scroll of fog
 b - a scroll of magic mapping
 c - a scroll of fear
 g - a scroll of teleportation {unknown}
Potions
 d - a potion of haste
 f - a potion of curing {unknown}
 h - a potion of degeneration {unknown}
 i - 2 potions of resistance {unknown}


   Skills:
 + Level 3.1 Fighting
 + Level 3.0 Dodging
 + Level 6.7 Stealth
 + Level 2.2 Unarmed Combat


You couldn't memorise any spells.
You didn't know any spells.
Your spell library was empty.

Dungeon Overview and Level Annotations

Branches:
Dungeon (5/15)
 Temple: D:4-7

Altars:


Innate Abilities, Weirdness & Mutations

You have sharp claws.
You have razor-sharp teeth.
You have supernaturally acute eyesight. (SInv)
You cover ground quickly. (Speed+)
You are covered in fur. (AC +1)
Your paws help you pounce on unaware monsters.
You are incapable of wielding weapons or throwing items.
You cannot wear armour.
You gain extra lives every three experience levels.


Message History

You start resting.
HP restored.
Found a stone staircase leading down.
Found 2 cyan potions.
Found a potion of haste.
Found 9 gold pieces.
i - 2 cyan potions
d - 2 potions of haste (gained 1)
You now have 9 gold pieces.
You open the door.
A dart slug, an endoplasm and a kobold come into view.
Found a short sword.
There is an open door here.
You scratch the dart slug.
The dart slug is moderately wounded.
The kobold shouts!
The endoplasm quivers.
The dart slug launches a dart at you. The slug dart misses you.
You feel yourself speed up. The dart slug bites you.
You scratch the dart slug but do no damage.
You bite the dart slug.
The dart slug is moderately wounded.
You scratch the dart slug but do no damage.
The dart slug is moderately wounded.
The dart slug barely misses you.
You scratch the dart slug. You bite the dart slug.
The dart slug is almost dead.
You scratch the dart slug but do no damage.
The dart slug is almost dead.
The dart slug launches a dart at you. The slug dart hits you.
Ouch! That really hurt!
* * * LOW HITPOINT WARNING * * *
You scratch the dart slug.
You kill the dart slug!
Your Dodging skill increases to level 3!
The kobold hits you with a +0 short sword.
You die...

# #. ### . ..# #. #.#
# #+## #.##.##.#
#..)# #.......#
#.....
###..#####......
#######...####.......
............@KJ......
######...####.......
#...# #...... #.###
#..... #.# #...# #.#
#+## #.# ##.######
#.### ####.......#
#.#.. ......## #.#


You could see an endoplasm and a kobold.

Vanquished Creatures
  A dart slug (D:2)
  A bat (D:2)
  An endoplasm (D:2)
  A kobold (D:3)
  A rat (D:2)
5 creatures vanquished.

Notes
Turn   | Place    | Note
-------+----------+-------------------------------------------
     0 | D:5      | croobank the Felid Delver began the quest for the Orb.
     0 | D:5      | Reached XP level 1. HP: 10/10 MP: 2/2
   340 | D:2      | Slain by a kobold

Illustrated notes

Levels and vault maps discovered:
D:1:      dpeg_arrival_arbitrary_c, layout_rooms,
          hellmonk_ecumenical_altar_zigzags
D:2:      layout_loops_corners, hangedman_decor_push
D:3:      layout_basic, mainiacjoe_overflow_small_starburst, uniq_ijyb
D:4:      layout_rooms, mainiacjoe_overflow_paths, minmay_temple_entry_arrows,
          minmay_pentangle
D:5:      layout_gridville, eat_drink_and_be_merry_uskayaw, uniq_blork_the_orc

Skill      XL: |  1 |
---------------+----+-----
Dodging        | 3 |  3.0
Fighting       | |  3.1
Stealth        | |  6.7
Unarmed Combat | |  2.2

Action                   || total
-------------------------++-------
Melee: Unarmed           ||    18
       Bite              ||     2
  Use: Potion            ||     1
 Stab: Sleeping          ||     2
Armor: Skin              ||     2
Dodge: Dodged            ||     7

Table legend: (Time is in decaauts)
 A = Elapsed time spent in this place.
 B = Non-inter-level travel time spent in this place.
 C = Inter-level travel time spent in this place.
 D = Time resting spent in this place.
 E = Time spent auto-exploring this place.
 F = Levels seen in this place.
 G = Mean time per level.
                   A        B        C        D        E       F      G
               +--------+--------+--------+--------+--------+-----+--------+
         Total |    312 |    312 |      0 |    163 |     31 |   5 |   62.4 |
       Dungeon |    312 |    312 |      0 |    163 |     31 |   5 |   62.4 |
               +--------+--------+--------+--------+--------+-----+--------+

Top non-repeatable levels by time:
     D:2: 264 daAuts
     D:3: 26 daAuts
     D:5: 13 daAuts
     D:4: 6 daAuts
     D:1: 1 daAuts
